 Dungeon Crawl Stone Soup version bcrawl-1.41.1 (webtiles) character file.

Game seed: 3258445820067606706

205288 Grimmash the Cudgeler (level 7, -10/72 HPs)
             Began as an Ent Archaeologist on Apr 20, 2024.
             Mangled by an ice beast (14 damage)
             ... on level 6 of the Dungeon.
             The game lasted 00:05:49 (4981 turns).

Grimmash the Cudgeler (Ent Archaeologist)           Turns: 4981, Time: 00:05:49

Health: -10/72     AC: 20    Str: 23    XL:     7   Next: 87%
Magic:  11/11      EV: 11    Int: 16    God:
Gold:   333        SH:  0    Dex:  8    Spells: 11/11 levels left

rFire    . . .     GDR:     29% a - +0 flail
rCold    . . .     SeeInvis .   (no shield)
rNeg     + + +     Gourm    .   (armour unavailable)
rPois    +         Faith    .   c - +1 hat
rElec    .         Spirit   .   r - +1 cloak
rCorr    .         Reflect  .   (gloves unavailable)
MR       .....                  (boots unavailable)
Stlth    +++.......             (no amulet)
HPRegen  0.22/turn              f - ring "Widuzint" {AC+3 Str+4 Stlth+}
MPRegen  0.12/turn              (no ring)

@: fainting, very slow
A: large, slow actions, passwall, strong branches, negative energy resistance 3,
poison resistance, slow metabolism 1, torment resistance, unbreathing, AC +14
a: Passwall


You were on level 6 of the Dungeon.
You were fainting.

You visited 1 branch of the dungeon, and saw 6 of its levels.
You also visited: Sewer.

You collected 333 gold pieces.

Inventory:

Hand Weapons
 a - a +0 flail (weapon)
 b - a +0 blowgun
 u - a +0 mace of holy wrath
Missiles
 d - 6 curare-tipped needles
Armour
 c - a +1 hat (worn)
 r - a +1 cloak (worn)
Jewellery
 f - the ring "Widuzint" (left hand) {AC+3 Str+4 Stlth+}
   (You acquired it on level 3 of the Dungeon)

   [ring of protection]

   It affects your AC (+3).
   It affects your strength (+4).
   It makes you more stealthy.
Scrolls
 i - 11 scrolls of identify
 j - 3 scrolls of teleportation {unknown}
 q - a scroll of revelation
 t - 2 scrolls of remove curse {unknown}
 x - a scroll of amnesia {unknown}
 y - 2 scrolls of fear {unknown}
 z - a scroll of fog {unknown}
Potions
 g - 2 potions of heal wounds {unknown}
 h - a potion of resistance {unknown}
 k - 3 potions of flight {unknown}
 l - a potion of brilliance
 m - a potion of mutation {unknown}
 n - 2 potions of might {unknown}
 o - a potion of curing {unknown}
 p - a potion of lignification {unknown}
 s - a potion of haste {unknown}
 v - a potion of degeneration {unknown}
Comestibles
 e - 11 rations {!d}


   Skills:
 * Level 3.4 Fighting
 * Level 6.6 Maces & Flails
 * Level 5.3 Dodging
 + Level 4.7 Stealth
 * Level 2.9 Spellcasting


You had 11 spell levels left.
You didn't know any spells.
Your spell library was empty.

Dungeon Overview and Level Annotations

Branches:
Dungeon (6/12)
 Temple: D:4-7

Altars:
Okawaru
The Shining One


Innate Abilities, Weirdness & Mutations

You move and act slowly.
You can pass through walls and trees.
Your branches can wield two-handed weapons with a shield.
Your thick bark is tough. (AC +14)
You are too large for most types of armour.
You are immune to negative energy. (rN+++)
Your system is resistant to poisons. (rPois)
You have a slow metabolism.
You are immune to unholy pain and torment.
You can survive without breathing.


Message History

The ice beast is heavily wounded.
The ice beast hits you but does no damage.
A sky beast appears from thin air!
Reactivating autopickup.
The sky beast hits you but does no damage.
The ice beast closely misses you.
You closely miss the ice beast.
The ice beast is heavily wounded.
The sky beast hits you.
* * * LOW HITPOINT WARNING * * *
The sky beast shocks you.
* * * LOW HITPOINT WARNING * * *
The ice beast hits you but does no damage.
The sky beast closely misses you.
You hit the ice beast but do no damage.
The ice beast is heavily wounded.
The ice beast hits you.
* * * LOW HITPOINT WARNING * * *
The ice beast freezes you!
You die...

.# .# .#
.# .#
.###.##
##Y......
#@# #Y#
#.# #.#
#.# #.#
#.# #..


You could see an ice beast and a sky beast.

Vanquished Creatures
  2 phantoms
  A kobold brigand (Sewer)
  2 centaurs
  3 scorpions (D:4)
  An orc priest (D:3)
  A howler monkey (D:4)
  A crimson imp (D:3)
  2 bullfrog skeletons (D:4)
  An orc wizard (D:4)
  A worker ant (D:4)
  8 gnolls
  2 adders
  A shadow imp (D:4)
  2 oozes
  2 adder skeletons (D:4)
  2 worms
  3 dart slugs
  A leopard gecko (D:1)
  7 orcs
  6 bats
  2 giant cockroaches
  7 goblins
  12 hobgoblins
  5 jackals
  2 quokkas
  2 ball pythons (D:3)
  6 frilled lizards
  7 kobolds
  14 rats
106 creatures vanquished.

Vanquished Creatures (others)
  An adder (D:3)
1 creature vanquished.

Grand Total: 107 creatures vanquished

Notes
Turn   | Place    | Note
-------+----------+-------------------------------------------
     0 | D:1      | Grimmash the Ent Archaeologist began the quest for the Orb.
     0 | D:1      | Reached XP level 1. HP: 21/21 MP: 1/1
    48 | D:1      | Reached XP level 2. HP: 21/29 MP: 2/2
   320 | D:1      | Reached XP level 3. HP: 35/36 MP: 4/4
   653 | D:2      | Reached skill level 1 in Spellcasting
   817 | D:2      | Reached skill level 2 in Maces & Flails
   844 | D:3      | Found a glowing drain.
   855 | D:3      | Noticed a centaur
   923 | Sewer    | Entered a sewer
   996 | Sewer    | Noticed a kobold brigand
  1106 | Sewer    | Killed a kobold brigand
  1107 | Sewer    | Reached skill level 3 in Maces & Flails
  1107 | Sewer    | Reached XP level 4. HP: 45/46 MP: 4/6
  1145 | Sewer    | Found a white marble altar of Elyvilon.
  1206 | D:3      | Reached XP level 5. HP: 51/53 MP: 7/7
  1206 | D:3      | Identified a scroll of acquirement
  1211 | D:3      | Identified the +0 hat "Semapar" {rC++} (You acquired it on
                  | level 3 of the Dungeon)
  1211 | D:3      | Identified the ring "Widuzint" {AC+3 Str+4 Stlth+} (You
                  | acquired it on level 3 of the Dungeon)
  1407 | D:3      | Found an iron altar of Okawaru.
  1894 | D:2      | Reached skill level 4 in Maces & Flails
  2029 | D:2      | Found a glowing golden altar of the Shining One.
  2969 | D:2      | Found a glowing golden altar of the Shining One.
  3229 | D:3      | Reached XP level 6. HP: 44/61 MP: 8/8
  3916 | D:3      | Reached skill level 5 in Maces & Flails
  4164 | D:4      | Reached XP level 7. HP: 70/71 MP: 10/10
  4446 | D:4      | Reached skill level 6 in Maces & Flails
  4446 | D:4      | Reached skill level 5 in Dodging
  4935 | D:5      | Entered Level 5 of the Dungeon
  4981 | D:6      | Mangled by an ice beast

Skill      XL: |  1  2  3  4  5  6  7 |
---------------+----------------------+-----
Dodging        | 3 4 5 |  5.3
Spellcasting   | 1 2 |  2.9
Maces & Flails | 3 4 5 6 |  6.6
Stealth        | 4 |  4.7
Fighting       | 2 3 |  3.4

Action                   |  1- 3 |  4- 6 |  7- 9 || total
-------------------------+-------+-------+-------++-------
Melee: Whip              |   181 |   172 |       ||   353
       Flail             |       |   192 |   116 ||   308
  Use: Scroll            |     2 |     2 |       ||     4
       Potion            |     1 |       |       ||     1
 Stab: Sleeping          |     6 |     8 |     3 ||    17
  Eat: Chunk             |     5 |    16 |     3 ||    24
       Ration            |       |     1 |       ||     1
Armor: Skin              |   121 |   366 |    94 ||   581
Dodge: Dodged            |   145 |   328 |    88 ||   561
